 Dungeon Crawl Stone Soup version 0.30.1-11-g7821555f0a (webtiles) character file.

Game seed: 16495248884756401265

22125 lexdn the Thaumaturge (level 13, -5/92 HPs)
             Began as a Djinni Fire Elementalist on Nov 23, 2023.
             Was a Priest of Makhleb.
             Engulfed by a cloud of flame (7 damage)
             ... on level 4 of the Lair of Beasts on Nov 25, 2023.
             The game lasted 02:01:41 (14813 turns).

lexdn the Thaumaturge (Djinni Fire Elementalist)   Turns: 14813, Time: 02:01:41

Health: -5/92      AC:  8    Str:  7    XL:     13   Next: 25%
Gold:   672        EV: 11    Int: 22    God:    Makhleb [***...] SH:  8 Dex: 14

rFire   + + .        f - staff of air
rCold   . . .        w - +0 kite shield
rNeg    . . .        o - +2 robe {Will+}
rPois   ∞            G - +0 helmet
rElec   +            e - +0 cloak
rCorr   +            i - +0 pair of gloves
SInv    .            (boots unavailable)
Will    ++...        (no amulet)
Stlth   ++           K - ring of resist corrosion
HPRegen 0.35/turn    r - ring of protection from cold
MPRegen 0.00/turn

%: infuse magic (-6 HP)
@: flying, studying Throwing
A: sickness immunity, fire resistance 2, cold vulnerability 1, float, innate
caster, HP casting, extra vitality 1
a: Renounce Religion, Minor Destruction, Lesser Servant of Makhleb


You were on level 4 of the Lair of Beasts.
You worshipped Makhleb.
Makhleb was most pleased with you.
You visited 3 branches of the dungeon, and saw 14 of its levels.

You collected 672 gold pieces.

Inventory:

Hand Weapons
 c - a +1 dagger
Missiles
 l - 2 throwing nets
Armour
 e - a +0 cloak (worn)
 i - a +0 pair of gloves (worn)
 k - a +0 robe of the Archmagi
 o - a +2 robe of willpower (worn)
 w - a +0 kite shield (worn)
 D - +0 steam dragon scales
 G - a +0 helmet (worn)
Magical Staves
 f - a staff of air (weapon)
Jewellery
 r - a ring of protection from cold (right hand)
 u - a +4 ring of protection
 K - a ring of resist corrosion (left hand)
Wands
 s - a wand of quicksilver (1)
 y - a wand of flame (20)
 z - a wand of paralysis (13)
 A - a wand of iceblast (22)
 C - a wand of polymorph (18)
Scrolls
 a - 5 scrolls of identify
 d - 2 scrolls of butterflies
 h - 3 scrolls of fear
 p - 3 scrolls of blinking
 B - a scroll of enchant armour
 E - 2 scrolls of torment
 F - a scroll of fog
 J - a scroll of brand weapon {unknown}
 L - 3 scrolls of teleportation
Potions
 b - 3 potions of invisibility
 g - a potion of cancellation
 j - 2 potions of curing
 m - 2 potions of brilliance
 n - 2 potions of flight
 q - a potion of might
 t - 3 potions of lignification
 v - 2 potions of degeneration
 x - 3 potions of mutation
 H - a potion of magic
 I - a potion of attraction


   Skills:
 * Level 8.1 Fighting
 + Level 0.4 Staves
 * Level 8.0 Armour
 + Level 4.9 Dodging
 - Level 1.6 Stealth
 + Level 1.9 Shields
 + Level 12.2 Spellcasting
 * Level 6.2 Invocations
 - Level 5.0 Evocations


You knew the following spells:

 Your Spells              Type           Power      Damage    Failure   Level
a - Foxfire               Conj/Fire      100%       2x1d9     1%          1
b - Scorch                Fire           100%       2d9       1%          2
c - Volatile Blastmotes   Fire/Tloc      100%       2d18      1%          3
d - Inner Flame           Hex/Fire       61%        N/A       1%          3
e - Flame Wave            Conj/Fire      61%        2d14      2%          4
f - Sting                 Tmut/Pois      100%       1d8       1%          1
g - Momentum Strike       Conj/Tloc      100%       3d10      1%          2
h - Vampiric Draining     Necr           61%        2d10      1%          3
i - Swiftness             Air            79%        N/A       1%          3
j - Arcjolt               Conj/Air       39%        1d49      6%          5
k - Agony                 Necr           61%        N/A       6%          5
Your spell library was empty.

Dungeon Overview and Level Annotations

Branches:
Dungeon (9/15)             Temple (1/1) D:4            Lair (4/5) D:8
 Shoals (0/4) Lair:3       Spider (0/4) Lair:2        Slime (0/5) Lair:4
    Orc: D:9-12

Altars:
Ashenzari
Cheibriados
Dithmenos
Elyvilon
Hepliaklqana
Makhleb
Nemelex Xobeh
Okawaru
Qazlal
Ru
Trog
Wu Jian
Xom
Yredelemnul
Zin
The Shining One
Jiyva

Shops:
D:7 (

Annotations:
D:3 2 transporters, mihai's ghost, amateur TrFi


Innate Abilities, Weirdness & Mutations

You are immune to sickness and miasma.
You are immune to poison.
Your flesh is very heat resistant. (rF++)
You are vulnerable to cold. (rC-)
You float through the air rather than walking.
You learn spells naturally, not from books.
Your magical power is your life essence.
You have superior vitality. (+4 MHP)


Message History

You kill the yak!
Makhleb accepts your kill.
You feel better.
Casting: Flame Wave (dangerous; 2% risk of failure)
Confirm with . or Enter, or press ? or * to list all spells.
Aiming: Vampiric Draining (safe; 1% risk of failure)
Press: ? - help, Shift-Dir - straight line, f - yak
Aim: a yak (almost dead)
You draw life force from the yak!
You kill the yak!
Makhleb accepts your kill.
You feel better.
You feel life coursing into your body.
* * * LOW HITPOINT WARNING * * *
You are engulfed in blazing flames.
You resist.
* * * LOW HITPOINT WARNING * * *
Casting: Vampiric Draining (safe; 1% risk of failure)
Confirm with . or Enter, or press ? or * to list all spells.
Aiming: Inner Flame (safe; 1% risk of failure)
Press: ? - help, Dir - move target, f - jelly
Aim: a jelly (flame, chance to affect: 98%)
The jelly is filled with an inner flame.
* * * LOW HITPOINT WARNING * * *
You are engulfed in blazing flames.
You resist.
* * * LOW HITPOINT WARNING * * *
The jelly is engulfed in blazing flames.
Flame seeps out of the jelly.
The jelly closely misses you.
Casting: Inner Flame (safe; 1% risk of failure)
Confirm with . or Enter, or press ? or * to list all spells.
Aiming: Vampiric Draining (safe; 1% risk of failure)
Press: ? - help, Shift-Dir - straight line, f/p - jelly
Aim: a jelly (flame, almost dead, inner flame)
You draw life force from the jelly!
Makhleb accepts your kill.
You feel life coursing into your body.
* * * LOW HITPOINT WARNING * * *
The jelly explodes!
The fiery explosion engulfs you! You resist.
* * * LOW HITPOINT WARNING * * *
You are engulfed in blazing flames.
You resist.
You die...

##...##.......#
#...........P##
##...........##
#........)..##
##........#.#
#####.......###
###.§§#....####
#.§§§.§...##
#.§§@§§...#
#..§§§.#...#
#............#
.............#
.............#
.........##..#
.......#######
......# ##


There were no monsters in sight!

Vanquished Creatures
  Harold (Lair:2)
  4 hydras
  Erica (Lair:2)
  A two-headed ogre (D:9)
  3 skysharks (Lair:4)
  Pikel (D:5)
  A wolf spider (Lair:2)
  An oklob plant (Lair:3)
  An elephant (D:8)
  Maggie (Lair:1)
  5 cane toads
  7 komodo dragons
  2 rime drakes
  A snapping turtle (Lair:3)
  11 blink frogs
  Grinder (D:4)
  Sigmund (D:3)
  15 yaks
  2 vampires
  4 wyverns
  4 basilisks
  Eustachio (D:5)
  2 redbacks (Lair:2)
  An acid dragon (D:9)
  7 water moccasins
  An orc warrior (D:9)
  2 sky beasts
  2 ice beasts (D:6)
  2 black bears
  2 centaurs
  2 phantoms (D:5)
  2 kobold brigands (D:8)
  10 bullfrogs
  2 scorpions (D:5)
  9 wights
  Crazy Yiuf (D:3)
  A hound (D:5)
  7 jellies (Lair:4)
  A gnoll bouda (D:9)
  3 orc priests
  3 sleepcaps (D:6)
  3 iguanas
  Natasha (thrice) (D:3)
  4 orc wizards
  5 adders
  12 gnolls
  3 shadow imps
  A white imp (D:6)
  4 worms
  3 dart slugs (D:1)
  15 orcs
  5 ball pythons
  2 bats
  3 endoplasms
  2 giant cockroaches
  7 goblins
  A hobgoblin (D:2)
  4 jackals (D:2)
  3 quokkas
  3 training dummies (D:7)
  3 frilled lizards (D:1)
  19 kobolds
  10 rats
  A butterfly (D:9)
245 creatures vanquished.

Vanquished Creatures (collateral kills)
  16 foxfires
16 creatures vanquished.

Vanquished Creatures (others)
  930 foxfires
930 creatures vanquished.

Grand Total: 1191 creatures vanquished

Notes
Turn   | Place    | Note
-------+----------+-------------------------------------------
     0 | D:1      | lexdn the Djinni Fire Elementalist began the quest for the
                  | Orb.
     0 | D:1      | lexdn set off with the following spells memorised: Foxfire,
                  | Scorch, Volatile Blastmotes, Inner Flame, Flame Wave.
     0 | D:1      | Reached XP level 1. HP: 15/15 MP: 0/0
   102 | D:1      | Reached XP level 2. HP: 18/21 MP: 0/0
   555 | D:1      | Reached XP level 3. HP: 25/26 MP: 0/0
   555 | D:1      | Learned a level 1 spell: Sting
   694 | D:1      | Reached skill level 3 in Spellcasting
   758 | D:2      | Found a glowing golden altar of the Shining One.
   936 | D:2      | Reached skill level 1 in Fighting
   942 | D:2      | Reached XP level 4. HP: 17/32 MP: 0/0
  1309 | D:2      | Reached skill level 1 in Armour
  1539 | D:3      | Noticed Sigmund
  1580 | D:3      | Noticed Natasha
  1586 | D:3      | Reached skill level 1 in Evocations
  1586 | D:3      | Reached XP level 5. HP: 29/37 MP: 0/0
  1586 | D:3      | Learned a level 2 spell: Momentum Strike
  1586 | D:3      | Killed Natasha
  1766 | D:3      | Found a transporter.
  1766 | D:3      | Killed Sigmund
  1767 | D:3      | Reached skill level 4 in Spellcasting
  1767 | D:3      | Reached XP level 6. HP: 34/43 MP: 0/0
  1826 | D:3      | Noticed Natasha
  1836 | D:3      | Killed Natasha
  1886 | D:3      | Noticed Natasha
  1893 | D:3      | Killed Natasha
  1894 | D:3      | Reached XP level 7. HP: 36/49 MP: 0/0
  1894 | D:3      | Learned a level 3 spell: Vampiric Draining
  1967 | D:3      | Found a runed translucent door.
  1968 | D:3      | Noticed Crazy Yiuf
  2145 | D:3      | Found a faded altar of an unknown god.
  2312 | D:3      | Found a transporter.
  2332 | D:3      | Noticed mihai's ghost (amateur TrFi)
  2418 | D:3      | Killed Crazy Yiuf
  2586 | D:4      | Found a staircase to the Ecumenical Temple.
  2608 | Temple   | Entered the Ecumenical Temple
  2627 | Temple   | Became a worshipper of Makhleb the Destroyer
  2892 | D:4      | Noticed Grinder
  2898 | D:4      | Killed Grinder
  2899 | D:4      | Reached skill level 5 in Spellcasting
  2899 | D:4      | Reached XP level 8. HP: 49/56 MP: 0/0
  3240 | D:4      | Found a basalt altar of Yredelemnul.
  3976 | D:5      | Entered Level 5 of the Dungeon
  4296 | D:5      | Noticed Pikel
  4301 | D:5      | Killed Pikel
  4302 | D:5      | Reached skill level 6 in Spellcasting
  4302 | D:5      | Reached XP level 9. HP: 49/62 MP: 0/0
  4302 | D:5      | Learned a level 3 spell: Swiftness
  4542 | D:5      | Noticed Eustachio
  4582 | D:5      | Killed Eustachio
  5704 | D:6      | Reached skill level 7 in Spellcasting
  5765 | D:6      | Reached skill level 5 in Fighting
  5765 | D:6      | Reached XP level 10. HP: 56/70 MP: 0/0
  5770 | D:6      | Reached * piety under Makhleb
  5771 | D:6      | Reached skill level 5 in Evocations
  6933 | D:7      | Reached skill level 8 in Spellcasting
  6977 | D:7      | Found a glowing silver altar of Zin.
  6977 | D:7      | Noticed an angel
  7124 | D:7      | Found Nempeshry's Firing Range.
  7139 | D:7      | Reached skill level 1 in Invocations
  7478 | D:8      | Noticed an elephant
  7485 | D:8      | Reached skill level 5 in Armour
  7905 | D:8      | Found a shimmering altar of Xom.
  8043 | D:8      | Killed an elephant
  8266 | D:8      | Found a staircase to the Lair.
  8285 | D:8      | Reached ** piety under Makhleb
  8347 | D:8      | Identified the +3 leather armour of the Evil One {Dex+4}
  8575 | D:8      | Reached skill level 9 in Spellcasting
  8966 | D:9      | Found a white marble altar of Elyvilon.
  8983 | D:9      | Noticed a two-headed ogre
  8990 | D:9      | Killed a two-headed ogre
  8991 | D:9      | Reached XP level 11. HP: 30/76 MP: 0/0
  8991 | D:9      | Learned a level 5 spell: Arcjolt
  9380 | Lair:1   | Entered Level 1 of the Lair of Beasts
  9539 | Lair:1   | Noticed Maggie
  9550 | Lair:1   | Killed Maggie
  9551 | Lair:1   | Reached skill level 10 in Spellcasting
 10814 | Lair:2   | Noticed Erica
 10820 | Lair:2   | Killed Erica
 10874 | Lair:2   | Noticed a five-headed hydra
 10877 | Lair:2   | Reached *** piety under Makhleb
 10881 | Lair:2   | Killed a five-headed hydra
 10882 | Lair:2   | Reached XP level 12. HP: 39/84 MP: 0/0
 10914 | Lair:2   | Reached skill level 1 in Shields
 11147 | Lair:2   | Noticed a seven-headed hydra
 11159 | Lair:2   | Killed a seven-headed hydra
 11160 | Lair:2   | Reached skill level 11 in Spellcasting
 11161 | Lair:2   | HP: 4/85 [cloud of flame (8)]
 11413 | Lair:2   | Noticed Harold
 11424 | Lair:2   | Killed Harold
 11761 | Lair:2   | Found a hole to the Spider Nest.
 12143 | Lair:2   | HP: 1/85 [komodo dragon (24)]
 12152 | Lair:2   | Reached skill level 5 in Invocations
 13135 | Lair:3   | Found a staircase to the Shoals.
 13675 | Lair:4   | Noticed a four-headed hydra
 13678 | Lair:4   | Noticed a skyshark
 13683 | Lair:4   | Killed a four-headed hydra
 13684 | Lair:4   | Killed a skyshark
 13735 | Lair:4   | Noticed a skyshark
 13746 | Lair:4   | Killed a skyshark
 13747 | Lair:4   | Reached XP level 13. HP: 5/92 MP: 0/0
 13747 | Lair:4   | Learned a level 5 spell: Agony
 14153 | Lair:4   | Noticed a four-headed hydra
 14325 | Lair:4   | Reached skill level 12 in Spellcasting
 14450 | Lair:4   | Found a staircase to the Slime Pits.
 14462 | Lair:4   | Found a viscous altar of Jiyva.
 14554 | Lair:4   | Noticed a six-headed hydra
 14560 | Lair:4   | Killed a six-headed hydra
 14813 | Lair:4   | HP: 2/92 [spore (8)]
 14813 | Lair:4   | Engulfed by a cloud of flame

Illustrated notes

Levels and vault maps discovered:
D:1:      heliophobic_arrival_ceremonial_halls, layout_loops_cross
D:2:      layout_loops_cross, basic_altar
D:3:      layout_rooms, ebering_ecumenical_altar_petrified,
          gammafunk_ghost_stat_death, uniq_crazy_yiuf_cottage, uniq_sigmund,
          uniq_natasha
D:4:      layout_layer_cave, mainiacjoe_overflow_boulevard,
          minmay_temple_entry_offerings, minmay_manual_maat, uniq_grinder
D:5:      layout_basic, kennysheep_little_box, uniq_eustachio, uniq_pikel
D:6:      layout_loops_ring
D:7:      layout_basic, zin_angel, hex_intersection, nicolae_shop_firing_range
D:8:      layout_basic, tgw_sif, kennysheep_mini, david_lair_generic
D:9:      layout_long_grid, nicolae_elyvilon_peaceful_grove, david_orc_1_choice
Temple:   nicolae_temple_bog_church
Lair:1:   layout_regular_city, nicolae_volcano_entry_two_sided,
          grunt_megastairs_5, uniq_maggie
Lair:2:   layout_hall_layers, spider_nest_entry_funnel_web, uniq_erica,
          uniq_harold
Lair:3:   layout_chaotic_city, minmay_shoals_entry_hut, st_stairs_6
Lair:4:   layout_gridlike, minmay_slime_entry_jelly_boxes

Skill      XL: |  1  2  3  4  5  6  7  8  9 10 11 12 13 |
---------------+----------------------------------------+-----
Spellcasting   | 3 4 5 6 7 9 10 11 12 | 12.2
Fighting       | 1 2 3 5 6 7 8 |  8.1
Armour         | 1 2 3 4 5 6 7 8 |  8.0
Evocations     | 1 2 4 5 |  5.0
Dodging        | 3 4 |  4.9
Invocations    | 2 4 5 6 |  6.2
Shields        | 1 |  1.9
Staves         | |  0.4
Stealth        | |  1.6

Action                     |  1- 3 |  4- 6 |  7- 9 | 10-12 | 13-15 || total
---------------------------+-------+-------+-------+-------+-------++-------
  Melee: Staff             |       |     1 |       |       |       ||     1
   Cast: Foxfire           |    61 |    31 |    85 |   342 |    42 ||   561
         Scorch            |     3 |     2 |    17 |    35 |     3 ||    60
         Sting             |     3 |     7 |    14 |    38 |     5 ||    67
         Inner Flame       |     2 |    13 |    31 |    95 |    13 ||   154
         Volatile Blastmot |       |       |       |     1 |       ||     1
         Swiftness         |       |       |       |     1 |       ||     1
         Vampiric Draining |       |       |       |       |     3 ||     3
         Flame Wave        |       |       |       |       |     3 ||     3
  Evoke: Wand              |       |       |       |       |     1 ||     1
    Use: Scroll            |       |       |     3 |    20 |       ||    23
         Potion            |       |       |       |     5 |       ||     5
 Armour: Robe              |       |     2 |     4 |    36 |     5 ||    47
  Dodge: Dodged            |     5 |     4 |     7 |    48 |    10 ||    74
  Block: Kite shield       |       |       |       |    43 |    13 ||    56
